 Dungeon Crawl Stone Soup version 0.18-a0-1211-g828307d (webtiles) character file.

172203 inmateoo the Severer (level 17, -2/208 HPs)
             Began as a Demonspawn Berserker on Feb 2, 2016.
             Was the Champion of Trog.
             Slain by Agnes
             ... wielding a +5 lajatang of protection
              (15 damage)
             ... on level 3 of the Spider Nest.
             The game lasted 01:02:16 (30256 turns).

inmateoo the Severer (Demonspawn Berserker)        Turns: 30256, Time: 01:02:16

Health: -2/208     AC: 36    Str: 28    XL:     17   Next: 40%
Magic:  0/6        EV: 14    Int: 11    God:    Trog [******]
Gold:   2278       SH:  0    Dex: 13    Spells: 0 memorised, 16 levels left

rFire  + . .     SeeInvis .     J - +5 battleaxe (antimagic)
rCold  + . .     Gourm    .     r - +7 chain mail of the Forest {rElec MR+ Dex-4}
rNeg   . . .     Faith    .     (shield currently unavailable)
rPois  .         Spirit   +     (helmet restricted)
rElec  +         Dismiss  .     F - +1 cloak
rCorr  .         Reflect  .     X - +0 pair of gloves
SustAt .         Harm     .     L - +1 pair of boots {Stlth+}
MR     ++...     Clarity  +     l - amulet of regeneration
Stlth  ..........               n - +4 ring of dexterity
                                Q - ring of protection from fire

@: mighty, berserking, very quick, very resistant to hostile enchantments,
extremely unstealthy
A: horns 2, rough black scales 3, agile 1, clarity, clever 1, cold resistance 1,
low mp 1, sense surroundings 1, powered by pain 2, wild magic 1, magic shield,
magic regeneration, magic link
a: Berserk, Trog's Hand, Brothers in Arms, Burn Spellbooks, Renounce Religion


You were on level 3 of the Spider Nest.
You worshipped Trog.
Trog was exalted by your worship.
You were full.

You visited 6 branches of the dungeon, and saw 30 of its levels.
You visited the Abyss 1 time.
You also visited: Labyrinth.

You collected 3043 gold pieces.
You spent 765 gold pieces at shops.

Inventory:

Hand Weapons
 a - a +4 battleaxe of venom
 s - a +3 battleaxe of flaming
 x - a +4 executioner's axe of flaming
 J - a +5 antimagic battleaxe (weapon)
Missiles
 t - 3 silver javelins (quivered)
Armour
 r - the +7 chain mail of the Forest (worn) {rElec MR+ Dex-4}
   (You found it on level 1 of the Lair of Beasts)

   It affects your dexterity (-4).
   It insulates you from electricity.
   It affects your resistance to hostile enchantments.
 F - a +1 cloak (worn)
 L - a +1 pair of boots of stealth (worn)
 X - a +0 pair of gloves (worn)
Jewellery
 h - an uncursed ring of protection from cold
 l - an amulet of regeneration (around neck)
 n - a +4 ring of dexterity (right hand)
 Q - a ring of protection from fire (left hand)
 T - an uncursed amulet of dismissal
Wands
 m - a wand of teleportation (6/9)
 y - a wand of disintegration (3/24)
 A - a wand of iceblast (14/15)
 K - a wand of paralysis (9/24)
 M - a wand of random effects (20/48)
 Y - a wand of hasting (2/9)
Scrolls
 f - 5 scrolls of teleportation
 j - 3 scrolls of identify
 p - 4 scrolls of magic mapping
 q - 3 scrolls of fear
 C - 15 scrolls of remove curse
 D - 2 scrolls of blinking
 G - 6 scrolls of enchant weapon
 S - 2 scrolls of enchant armour
 U - 4 scrolls of fog
Potions
 d - 6 potions of lignification
 e - 2 potions of magic
 g - 2 potions of curing
 u - 4 potions of agility
 v - 9 potions of brilliance
 w - 4 potions of flight
 z - 6 potions of heal wounds
 B - 3 potions of cure mutation
 H - 3 potions of might
 I - 2 potions of berserk rage
 N - 4 potions of resistance
 P - a potion of haste
 V - a potion of ambrosia {unknown}
Miscellaneous
 k - a piece from Xom's chessboard
 E - the horn of Geryon
 O - a plain deck of summoning {drawn: 6}
Comestibles
 b - a beef jerky
 c - 11 bread rations
 i - 4 meat rations
 o - 15 fruits


   Skills:
 + Level 14.3 Fighting
 * Level 17.7 Axes
 - Level 8.2 Throwing
 + Level 12.8 Armour
 + Level 9.8 Dodging
 + Level 8.0 Evocations


You had 16 spell levels left.
You didn't know any spells.

Dungeon Overview and Level Annotations

Branches:
Dungeon (15/15)            Temple (0/1) D:6            Lair (8/8) D:8
 Shoals (0/4) Lair:5       Spider (3/4) Lair:3        Slime (0/6) Lair:6
    Orc (2/2) D:12            Elf (1/3) Orc:2        Vaults (0/5) D:13
 Depths (0/5) D:15           Hell (1/1)
    Dis: Hell:1         Geh: Hell:1         Coc: Hell:1         Tar: Hell:1

Altars:
Ashenzari
Elyvilon
Fedhas
Kikubaaqudgha
Makhleb
Nemelex Xobeh
Qazlal
Ru
Sif Muna
Trog
Zin
Beogh

Shops:
D:10 (   Orc:2 (:[*

Portals:
Hell: Lair:8
Trove: D:12 (give +6 demon whip)

Annotations:
Spider:3 Agnes, Aizul


Innate Abilities, Weirdness & Mutations

You have a pair of horns on your head.
You are completely covered in rough black scales (AC +10, Dex -3).
You sometimes gain power by taking damage.
When hurt, damage is shared between your health and your magic reserves.
You regenerate magic rapidly.
When low on magic, you restore magic in place of health.
You are agile. (Dex +2)
You possess an exceptional clarity of mind.
Your mind is acute. (Int +2)
Your flesh is cold resistant.
Your magical capacity is low (-10% MP).
You passively map a small area around you.
Your spells are a little harder to cast, but a little more powerful.


Message History

Agnes is heavily wounded.
You slash Agnes! Your headbutt misses Agnes.
Agnes is heavily wounded.
Agnes hits you but does no damage.
Your chain mail of the Forest prevents you from hitting Agnes.
You headbutt Agnes!
Agnes is severely wounded.
Agnes misses you.
You slash Agnes!
Agnes is severely wounded.
Agnes hits you with a lajatang of protection!
* * * LOW HITPOINT WARNING * * *
You miss Agnes.
Agnes is severely wounded.
Agnes bows.
Agnes barely misses you.
You slice Agnes!!
Agnes is almost dead.
Agnes hits you with a lajatang of protection!!
You die...

^...#...,**,,,,,*,,**,,****
..#....,,,,,,,***.#*..,,*
..#..####,,**,,,*≈#..#***
.##..#..#,,,*,,*#.#...≈*
.#.....####,*,,,^#..#*≈*
#..#>.....##≈,##(..(.,,****
####.#...#≈####.(..#,,,**≈*
#*≈#####..#.#:.i##.#***≈≈≈**
#,#...≈...#..†..@≈#*,,≈**,≈*
#.....###.....#####,,**,,,≈*
....#*#.....#..†#,*,,,,,,***
.##,,,#..#..##.s......,,**
.^#,,,#.##...###...###***
.##,*,##*.^#...*.#....*
,,*,,,*,...#...#*#,..#**
###,,,*....#.#...*,*..,*
..###,#.##.#≈#..#***,.,***


You could see Agnes.

Vanquished Creatures
  Geryon (Hell)
  Saint Roka (Orc:2)
  Norris (Spider:2)
  Arachne (Spider:3)
  Jorgrun (Spider:2)
  Rupert (D:13)
  A ghost moth (Spider:1)
  An emperor scorpion (Spider:3)
  An orc warlord (Orc:2)
  Maud (D:10)
  Donald (Orc:2)
  Azrael (Elf:1)
  A vault guard (D:12)
  A minotaur (Lab)
  2 entropy weavers (Spider:3)
  Harold (Lair:1)
  8 hydras
  A catoblepas (Lair:6)
  4 centaur warriors
  The ghost of Azzok the Cleaver, a journeyman FoFi of Makhleb (Lair:1)
  An ogre mage (Orc:1)
  A tengu warrior (D:14)
  A dancing weapon (Elf:1)
  15 death yaks
  2 orc high priests
  A sun demon (Lair:8)
  6 skeletal warriors
  3 unseen horrors
  7 hill giants
  3 wizards
  A large abomination (Abyss:2)
  A necromancer (D:13)
  Pikel (D:7)
  A lindwurm (Lair:7)
  A hornet (Spider:3)
  13 ugly things
  7 orc knights
  8 orb spiders
  A griffon (Lair:5)
  22 wolf spiders
  5 orc sorcerers
  3 manticores
  4 cyclopes
  5 deep elf magi
  5 centaur zombies
  16 elephants
  A guardian serpent (shapeshifter) (D:14)
  Maurice (D:12)
  3 smoke demons
  9 black mambas
  A torpor snail (Spider:2)
  18 spiny frogs
  2 orange demons (Lair:8)
  3 centaur skeletons
  8 komodo dragons
  3 gargoyles
  2 efreet
  5 ice devils
  10 demonic crawlers
  3 fire drakes (Lair:8)
  A redback zombie (D:13)
  2 red devils (Lair:8)
  A wind drake (shapeshifter) (D:15)
  A freezing wraith (D:13)
  A polar bear (Lair:7)
  10 trolls
  25 jumping spiders
  2 two-headed ogres
  12 blink frogs
  Grinder (D:3)
  4 small abominations
  2 wyverns
  64 redbacks
  2 shadows (Lab)
  25 yaks
  2 spriggans
  A water elemental (D:12)
  2 wraiths
  13 tarantellas
  2 basilisks
  3 fire elementals (Orc:2)
  18 hippogriffs
  A steam dragon (D:12)
  A hungry ghost (D:8)
  8 vampire mosquitoes
  7 wolves
  Menkaure (D:7)
  8 wargs
  2 mottled dragons
  3 hell hounds
  17 porcupines
  18 water moccasins
  2 slaves (D:7)
  39 orc warriors
  4 sky beasts
  3 wasps
  A black bear (D:6)
  4 ice beasts
  2 necrophages
  3 phantoms
  12 ogres
  9 centaurs
  16 crocodiles
  2 big kobolds (D:7)
  18 giant frogs
  A wyvern skeleton (D:6)
  3 wyvern zombies
  8 scorpions
  A troll zombie (D:11)
  11 killer bees
  13 wights
  4 electric eels
  6 crimson imps
  2 quasits
  3 giant frog zombies
  14 jellies
  A gnoll shaman (D:6)
  3 human zombies (D:11)
  26 orc priests
  2 giant frog skeletons
  4 hounds
  24 orc wizards
  Ijyb (D:3)
  3 iron imps (D:3)
  2 human skeletons (D:11)
  9 iguanas
  14 worker ants
  Natasha (D:4)
  A killer bee zombie (D:7)
  18 sheep
  A hound skeleton (D:4)
  5 mummies
  A worker ant zombie (D:7)
  Robin (D:2)
  9 gnolls
  21 adders
  74 river rats
  A shadow imp (D:7)
  An ufetubus (Abyss:2)
  2 oozes
  An adder skeleton (D:5)
  2 adder zombies (D:7)
  A worm (D:4)
  7 giant geckos
  83 orcs
  A ball python (D:2)
  8 bats
  5 giant cockroaches
  13 goblins
  9 hobgoblins
  12 jackals
  11 kobolds
  8 quokkas
  6 giant newts
  2 quokka skeletons
  5 rats
  11 fungi
  8 plants
1093 creatures vanquished.

Vanquished Creatures (collateral kills)
  4 reapers (Hell)
  A sun demon (Hell)
  A demonic crawler (Hell)
  2 ice devils
  A hellwing (Lair:8)
9 creatures vanquished.

Vanquished Creatures (others)
  A fire giant (D:15)
  An entropy weaver (Spider:3)
  A slave (D:7)
  An orc (Orc:2)
  13 fungi
  10 plants
27 creatures vanquished.

Grand Total: 1129 creatures vanquished

Notes
Turn   | Place    | Note
--------------------------------------------------------------
     0 | D:1      | inmateoo the Demonspawn Berserker began the quest for the Orb.
     0 | D:1      | Reached XP level 1. HP: 18/18 MP: 1/1
   333 | D:1      | Gained mutation: You are partially covered in rough black scales (AC +4, Dex -1). [demonic ancestry]
   333 | D:1      | Reached XP level 2. HP: 9/24 MP: 2/2
  1323 | D:2      | Reached ** piety under Trog
  1399 | D:2      | Gained mutation: You sometimes gain a little power by taking damage. [demonic ancestry]
  1399 | D:2      | Reached XP level 3. HP: 29/29 MP: 3/3
  1715 | D:2      | Noticed Robin
  1728 | D:2      | Killed Robin
  1752 | D:2      | Reached XP level 4. HP: 28/35 MP: 4/4
  2255 | D:3      | Noticed Grinder
  2258 | D:3      | Paralysed by Grinder for 4 turns
  2264 | D:3      | Paralysed by Grinder for 5 turns
  2290 | D:3      | Paralysed by Grinder for 2 turns
  2310 | D:3      | Paralysed by Grinder for 2 turns
  2312 | D:3      | Killed Grinder
  2312 | D:3      | Reached skill level 4 in Fighting
  2312 | D:3      | Gained mutation: You are mostly covered in rough black scales (AC +7, Dex -2). [demonic ancestry]
  2312 | D:3      | Reached XP level 5. HP: 22/42 MP: 5/5
  2312 | D:3      | Gained mutation: When hurt, damage is shared between your health and your magic reserves. [demonic ancestry]
  2312 | D:3      | Reached XP level 6. HP: 25/48 MP: 6/6
  2546 | D:3      | Reached *** piety under Trog
  2832 | D:3      | Found a bloodstained altar of Trog.
  2832 | D:3      | Found a sacrificial altar of Ru.
  2860 | D:3      | Noticed Ijyb
  2875 | D:3      | Killed Ijyb
  2952 | D:3      | Found a stormy altar of Qazlal.
  2999 | D:3      | Found a burning altar of Makhleb.
  3511 | D:4      | Gained mutation: You regenerate magic rapidly. [demonic ancestry]
  3511 | D:4      | Reached XP level 7. HP: 52/55 MP: 7/7
  3536 | D:4      | Reached skill level 5 in Axes
  3836 | D:4      | Noticed Natasha
  3847 | D:4      | Killed Natasha
  4331 | D:4      | Reached **** piety under Trog
  4331 | D:4      | Reached skill level 5 in Fighting
  4447 | D:5      | Entered Level 5 of the Dungeon
  4833 | D:5      | Reached skill level 6 in Axes
  4833 | D:5      | Reached XP level 8. HP: 50/62 MP: 8/8
  5052 | D:5      | Gained mutation: You evolve. [mutagenic meat]
  5053 | D:5      | Gained mutation: Your magical capacity is low (-10% MP). [mutagenic meat]
  5055 | D:5      | Gained mutation: Your mind is acute. (Int +2) [mutagenic meat]
  5057 | D:5      | Found a glowing silver altar of Zin.
  5131 | D:5      | Gained mutation: You possess an exceptional clarity of mind. [evolution]
  5322 | D:5      | Reached skill level 7 in Axes
  5463 | D:6      | Reached skill level 5 in Armour
  5515 | D:6      | Found a staircase to the Ecumenical Temple.
  5564 | D:6      | Gained mutation: You have a pair of small horns on your head. [demonic ancestry]
  5564 | D:6      | Reached XP level 9. HP: 48/71 MP: 8/8
  5626 | D:6      | Gained mutation: You are agile. (Dex +2) [evolution]
  5964 | D:6      | Found a blossoming altar of Fedhas.
  6651 | D:7      | Noticed Menkaure
  6669 | D:7      | Killed Menkaure
  6669 | D:7      | Reached skill level 8 in Axes
  6798 | D:7      | Noticed Pikel
  6815 | D:7      | Killed Pikel
  6851 | D:7      | Found a shattered altar of Ashenzari.
  6943 | D:7      | Found a deep blue altar of Sif Muna.
  7136 | D:7      | Reached skill level 9 in Axes
  7490 | D:7      | Received a gift from Trog
  7573 | D:7      | Gained mutation: You are completely covered in rough black scales (AC +10, Dex -3). [demonic ancestry]
  7573 | D:7      | Reached XP level 10. HP: 57/80 MP: 9/9
  7786 | D:7      | Gained mutation: Your spells are a little harder to cast, but a little more powerful. [evolution]
  8108 | D:8      | Reached skill level 1 in Throwing
  8121 | D:8      | Gained mutation: Scrolls take you a little longer to read. [mutagenic meat]
  8123 | D:8      | Gained mutation: Your flesh is cold resistant. [mutagenic meat]
  8126 | D:8      | Found a staircase to the Lair.
  8159 | D:8      | Reached ***** piety under Trog
  8273 | D:8      | Noticed a hill giant
  8281 | D:8      | Killed a hill giant
  8488 | D:8      | Reached skill level 10 in Axes
  8858 | D:9      | Received a gift from Trog
  8870 | D:9      | Lost mutation: Scrolls take you a little longer to read. [evolution]
  8870 | D:9      | Lost mutation: You evolve. [end of evolution]
  9206 | D:9      | Found a white marble altar of Elyvilon.
  9252 | D:9      | Found a sparkling altar of Nemelex Xobeh.
  9294 | D:10     | Entered Level 10 of the Dungeon
  9372 | D:10     | Found Ulux's Antique Weapon Shop.
  9548 | D:10     | Bought a glowing broad axe for 128 gold pieces
  9631 | D:10     | Noticed Maud
  9639 | D:10     | Killed Maud
  9639 | D:10     | Reached XP level 11. HP: 89/89 MP: 7/9
  9831 | D:10     | Reached skill level 11 in Axes
  9878 | D:10     | Noticed a hill giant
  9887 | D:10     | Killed a hill giant
 10293 | D:11     | Noticed a green ugly thing
 10298 | D:11     | Killed a green ugly thing
 10320 | D:11     | Noticed a hill giant
 10329 | D:11     | Killed a hill giant
 10448 | D:11     | Noticed a hill giant
 10459 | D:11     | Killed a hill giant
 10506 | D:11     | Noticed a six-headed hydra
 10520 | D:11     | Killed an eight-headed hydra
 10673 | D:11     | Found an ancient bone altar of Kikubaaqudgha.
 10835 | D:11     | Reached skill level 5 in Throwing
 11959 | D:12     | Noticed a vault guard
 11971 | D:12     | Killed a vault guard
 11971 | D:12     | Reached skill level 12 in Axes
 11975 | D:12     | Found a portal to a secret trove of treasure.
 12076 | D:12     | Noticed Maurice
 12078 | D:12     | Found a bloodstained altar of Trog.
 12088 | D:12     | Killed Maurice
 12088 | D:12     | Gained mutation: You have a pair of horns on your head. [demonic ancestry]
 12088 | D:12     | Reached XP level 12. HP: 91/97 MP: 10/10
 12173 | D:12     | Got a translucent triple sword {flame}
 12174 | D:12     | Identified the +3 triple sword "Arbiter" {flame, Fragile +Blink rElec rF-} (You took it off an orc on level 12 of the Dungeon)
 12426 | D:12     | Received a gift from Trog
 12498 | D:12     | Reached skill level 10 in Fighting
 12531 | D:12     | Found a staircase to the Orcish Mines.
 12943 | D:13     | Noticed a centaur warrior
 12954 | D:13     | Killed a centaur warrior
 12999 | D:13     | Noticed Rupert
 13015 | D:13     | Killed Rupert
 13475 | D:13     | Reached skill level 13 in Axes
 13692 | D:13     | Found a gate to the Vaults.
 13754 | D:13     | Noticed a centaur warrior
 13761 | D:13     | Killed a centaur warrior
 13914 | D:13     | Noticed a centaur warrior
 13923 | D:13     | Killed a centaur warrior
 14144 | D:14     | Reached XP level 13. HP: 105/105 MP: 11/11
 14150 | D:14     | Cast into level 2 of the Abyss (a wizard)
 14362 | Abyss:2  | Noticed a starcursed mass
 14437 | Abyss:2  | Noticed a starcursed mass
 14460 | D:14     | Escaped the Abyss
 15099 | D:14     | Reached skill level 10 in Armour
 15220 | D:15     | Entered Level 15 of the Dungeon
 15357 | D:15     | Found a staircase to the Depths.
 15357 | D:15     | Noticed a fire giant
 15376 | D:15     | Killed a fire giant
 15540 | D:15     | Reached skill level 14 in Axes
 15646 | D:15     | Received a gift from Trog
 16305 | D:15     | Reached XP level 14. HP: 114/114 MP: 10/12
 16664 | Lair:1   | Entered Level 1 of the Lair of Beasts
 16664 | Lair:1   | Noticed Azzok's ghost (journeyman FoFi)
 16670 | Lair:1   | Killed Azzok's ghost
 16765 | Lair:1   | Gained mutation: You passively map a small area around you. [potion of beneficial mutation]
 16784 | Lair:1   | Found a glowing silver altar of Zin.
 16874 | Lair:1   | Noticed Harold
 16887 | Lair:1   | Killed Harold
 16891 | Lair:1   | Got a translucent chain mail
 16902 | Lair:1   | Identified the +7 chain mail of the Forest {rElec MR+ Dex-4} (You found it on level 1 of the Lair of Beasts)
 16928 | Lair:1   | Reached skill level 5 in Dodging
 17343 | Lair:2   | Received a gift from Trog
 17938 | Lair:3   | Found a hole to the Spider Nest.
 18125 | Lair:3   | Reached skill level 15 in Axes
 18455 | Lair:3   | Received a gift from Trog
 19643 | Lair:5   | Found a labyrinth entrance.
 19657 | Lab      | Entered a labyrinth
 19736 | Lab      | Reached skill level 1 in Evocations
 19741 | Lab      | Identified the Handbook of Lethal Enhancements
 19763 | Lab      | Got an encrusted shield
 19769 | Lab      | Identified the cursed +0 shield of Life {rElec} (You found it in a labyrinth)
 19922 | Lair:5   | Found a staircase to the Shoals.
 20789 | Lair:6   | Found a staircase to the Slime Pits.
 20801 | Lair:6   | Gained mutation: When low on magic, you restore magic in place of health. [demonic ancestry]
 20801 | Lair:6   | Reached XP level 15. HP: 70/122 MP: 12/15
 20803 | Lair:6   | Received a gift from Trog
 22511 | Lair:8   | Entered Level 8 of the Lair of Beasts
 22544 | Lair:8   | Received a gift from Trog
 23144 | Lair:8   | Reached skill level 16 in Axes
 23533 | Lair:8   | Found a burning altar of Makhleb.
 23546 | Lair:8   | Received a gift from Trog
 23547 | Lair:8   | Reached skill level 5 in Evocations
 23888 | Lair:8   | Found a gateway to Hell.
 23936 | Hell     | Entered the Vestibule of Hell
 23936 | Hell     | Noticed Geryon
 23959 | Hell     | Killed Geryon
 24272 | Lair:4   | Reached XP level 16. HP: 131/131 MP: 18/18
 24421 | Orc:1    | Entered Level 1 of the Orcish Mines
 24929 | Orc:1    | Received a gift from Trog
 25006 | Orc:2    | Entered Level 2 of the Orcish Mines
 25008 | Orc:2    | Noticed Donald
 25022 | Orc:2    | Killed Donald
 25026 | Orc:2    | Received a gift from Trog
 25355 | Orc:2    | Noticed Azrael
 25634 | Orc:2    | Found a staircase to the Elven Halls.
 25661 | Orc:2    | Noticed Saint Roka
 25666 | Elf:1    | Entered Level 1 of the Elven Halls
 25917 | Elf:1    | Killed Azrael
 26023 | Orc:2    | Found a roughly hewn altar of Beogh.
 26166 | Orc:2    | Killed Saint Roka
 26195 | Orc:2    | Received a gift from Trog
 26196 | Orc:2    | Found Qoth's General Store.
 26202 | Orc:2    | Bought 2 potions of heal wounds for 130 gold pieces
 26202 | Orc:2    | Bought a potion of heal wounds for 65 gold pieces
 26202 | Orc:2    | Bought an uncursed ring of protection from cold for 325 gold pieces
 26217 | Orc:2    | Found Neinyso's Book Shop.
 26234 | Orc:2    | Found Egroserph's Antique Weapon Shop.
 26249 | Orc:2    | Found Cufush's Antique Armour Shop.
 26257 | Orc:2    | Bought a pair of glowing boots for 117 gold pieces
 26505 | Orc:2    | Found a roughly hewn altar of Beogh.
 26853 | Spider:1 | Entered Level 1 of the Spider Nest
 27417 | Spider:1 | Reached skill level 17 in Axes
 27845 | Spider:2 | Noticed Jorgrun
 27863 | Spider:2 | Killed Jorgrun
 27863 | Spider:2 | Reached ****** piety under Trog
 28196 | Spider:2 | Received a gift from Trog
 28421 | Spider:2 | Noticed Norris
 28448 | Spider:2 | Killed Norris
 28448 | Spider:2 | Gained mutation: You sometimes gain power by taking damage. [demonic ancestry]
 28448 | Spider:2 | Reached XP level 17. HP: 89/139 MP: 5/20
 28573 | Spider:2 | Received a gift from Trog
 29257 | Spider:3 | Noticed Arachne
 29287 | Spider:3 | Killed Arachne
 29748 | Spider:3 | Noticed Aizul
 30155 | Spider:3 | Received a gift from Trog
 30236 | Spider:3 | Noticed Agnes
 30256 | Spider:3 | Slain by Agnes

Vault maps used:
D:1:      minmay_arrival_stair_chambers, roderic_bali_sauvastika,
          minmay_splitting_lines
D:2:      uniq_robin
D:3:      gammafunk_temple_overflow_elements, demons_altar,
          nicolae_qazlal_eye_of_the_storm, uniq_grinder, uniq_iyjb
D:4:      uniq_natasha
D:5:      zin_treasury, first_bread
D:6:      minmay_temple_entry_water_ring, fedhas_altar_decomposition,
          uniq_menkaure
D:7:      ashenzari_conservatory_becter, lemuel_blue_sif_altar, the_bakery,
          kennysheep_generic_room_5, uniq_pikel
D:8:      lair_0_dummy, kennysheep_generic_room_13
D:9:      lemuel_coloured_pillars_altar, nemelex_deck, uniq_maurice
D:10:     serial_shops, nicolae_shop_overgrown_old_shop, grunt_ministairs_10,
          uniq_maud
D:11:     old_forge, lemuel_mausoleum_altar_kikubaaqudgha
D:12:     erik_orc_2, basic_altar, enter_trove_5
D:13:     david_vaults_4, serial_undead, serial_undead_b, serial_undead_e,
          serial_undead_e, serial_undead_e, serial_undead_b, serial_undead_c,
          minmay_misc_feat_iff, uniq_rupert
D:14:     abandoned_shop
D:15:     grunt_enter_depths_giant_problem, nrook_uturn
Lair:1:   basic_altar, grunt_forest_large_clearing_hut, serial_bayou_shore_b,
          grunt_megastairs_2, uniq_harold
Lair:2:   grunt_megastairs_1
Lair:3:   nicolae_spider_entry_tight_spaces
Lair:4:   minivault_26, wad_woods_road_03, ldierk_geyser,
          grunt_forest_small_clearings
Lair:5:   elwin_shoals_entry_rocks, lab_entry_generic
Lair:6:   minmay_slime_entry_jelly_boxes, kennysheep_catoblepas_arena
Lair:7:   grunt_megastairs_5, lemuel_fruit_tree
Lair:8:   evil_forest
Spider:2: uniq_jorgrun, uniq_norris
Spider:3: uniq_agnes, uniq_arachne, uniq_aizul
Orc:1:    mines4_lemuel
Orc:2:    grunt_orc_cross, basic_altar, uniq_donald, uniq_azrael
Elf:1:    eino_elf_arrival_the_gate, serial_shops, shop, minmay_elf_necromancy
Lab:      nicolae_lab_dead_adventurers, nicolae_lab_swirl, nicolae_lab_grate,
          nicolae_lab_arrow, nicolae_lab_stuck, labyrinth_skeletal_remains,
          labyrinth_glass_2, nicolae_lab_statue, nicolae_lab_very_dead_end,
          nicolae_lab_lava, lab_block, nicolae_lab_starburst,
          nicolae_lab_big_swirl, nicolae_lab_flowing_pool, nicolae_lab_do_over,
          labyrinth_lava_lair, nicolae_lab_grate_2

Action                   |  1- 3 |  4- 6 |  7- 9 | 10-12 | 13-15 | 16-18 || total
-------------------------+-------+-------+-------+-------+-------+-------++-------
Melee: Hand axe          |   129 |   220 |       |       |       |       ||   349
       War axe           |       |    21 |   390 |   245 |       |       ||   656
       Broad axe         |       |       |       |   426 |   889 |       ||  1315
       Executioner's axe |       |       |       |       |    47 |       ||    47
       Battleaxe         |       |       |       |       |   186 |   867 ||  1053
Throw: Javelin           |       |       |       |     5 |       |    19 ||    24
       Throwing net      |       |       |       |       |       |     3 ||     3
Invok: Berserk           |     1 |     1 |     3 |     8 |     6 |     2 ||    21
       Trog's Hand       |       |     2 |     1 |     7 |     9 |     2 ||    21
       Brothers in Arms  |       |       |       |     3 |     3 |       ||     6
       Burn Spellbooks   |       |       |       |     1 |     3 |     3 ||     7
Evoke: Wand              |       |       |       |     6 |     5 |     9 ||    20
       Deck              |       |       |       |       |    10 |       ||    10
       Horn of Geryon    |       |       |       |       |     1 |       ||     1
       Phantom mirror    |       |       |       |       |     1 |       ||     1
  Use: Potion            |       |     4 |       |       |    10 |     5 ||    19
       Scroll            |       |       |    18 |     9 |    17 |     4 ||    48
 Stab: Sleeping          |       |     1 |     1 |       |       |       ||     2
       Distracted        |       |       |     1 |       |     2 |       ||     3
       Paralysed         |       |       |       |       |       |     7 ||     7
  Eat: Chunk             |     4 |     3 |     9 |    22 |    18 |     5 ||    61
       Bread ration      |       |     1 |       |       |       |       ||     1
       Meat ration       |       |       |     2 |     3 |     3 |     2 ||    10
       Beef jerky        |       |       |     1 |     2 |       |       ||     3
       Royal jelly       |       |       |     1 |       |     2 |       ||     3
       Fruit             |       |       |       |       |    11 |     3 ||    14
       Pizza             |       |       |       |       |     2 |     1 ||     3
